 Dungeon Crawl Stone Soup version 0.29-a0-483-g69413ace17 (webtiles) character file.

Game seed: 1525403867038282234

338 valliere the Conjurer (level 6, 0/36 HPs)
             Began as an Octopode Conjurer on May 25, 2022.
             Slain by Duvessa
             ... wielding a +1 short sword of freezing
              (6 damage)
             ... on level 4 of the Dungeon.
             The game lasted 00:17:16 (3661 turns).

valliere the Conjurer (Octopode Conjurer)           Turns: 3661, Time: 00:17:17

Health: 0/36       AC:  1    Str:  6    XL:     6   Next: 55%
Magic:  6/9        EV: 13    Int: 23    God:
Gold:   241        SH:  0    Dex: 10    Spells: 6/9 levels left

rFire   . . .      SeeInvis .   (no weapon)
rCold   . . .      Faith    .   (no shield)
rNeg    . . .      Spirit   .   (helmet restricted)
rPois   .          Reflect  .   h - amulet of magic regeneration
rElec   .          Harm     .   (no ring)
rCorr   .          Rampage  .   (no ring)
Will    .....                   (no ring)
Stlth   ++........              (no ring)
HPRegen 0.12/turn               (no ring)
MPRegen 0.51/turn               (no ring)
                                (no ring)
                                (no ring)

@: lit by a corona, glowing
A: almost no armour, amphibious, 8 rings, camouflage 1, gelatinous body 1,
(nimble swimmer 1), tentacles
a: no special abilities


You were on level 4 of the Dungeon.
You visited 1 branch of the dungeon, and saw 4 of its levels.

You collected 241 gold pieces.

Inventory:

Hand Weapons
 g - a +2 antimagic whip
Missiles
 r - a throwing net
Magical Staves
 i - a staff of earth
Jewellery
 h - an amulet of magic regeneration (around mantle)
Scrolls
 b - 5 scrolls of vulnerability
 d - 3 scrolls of identify {unknown}
 e - a scroll of silence {unknown}
 o - a scroll of brand weapon {unknown}
 t - a scroll of noise {unknown}
 u - a scroll of amnesia {unknown}
 v - a scroll of immolation {unknown}
 w - a scroll of teleportation {unknown}
Potions
 a - a potion of magic
 c - 2 potions of resistance {unknown}
 f - 2 potions of berserk rage {unknown}
 j - a potion of invisibility {unknown}
 k - a potion of ambrosia {unknown}
 l - a potion of heal wounds {unknown}
 m - a potion of haste {unknown}
 n - a potion of flight {unknown}
 p - 2 potions of attraction {unknown}
 q - 2 potions of curing {unknown}
 s - a potion of brilliance {unknown}


   Skills:
 - Level 2.0 Dodging
 - Level 4.9 Stealth
 - Level 2.0 Spellcasting
 * Level 6.4 Conjurations
 + Level 2.5 Translocations


You had 6 spell levels left.
You knew the following spells:

 Your Spells              Type           Power      Damage    Failure   Level
a - Magic Dart            Conj           100%       1d8       1%          1
b - Searing Ray           Conj           62%        2d6       1%          2

Your spell library contained the following spells:

 Spells                   Type           Power      Damage    Failure   Level
 Shock                    Conj/Air       68%        1d7       3%          1
 Dazzling Flash           Conj/Hex       34%        N/A       11%         3
 Necrotize                Necr           8%         1d4       13%         1
 Ensorcelled Hibernation  Hex/Ice        4%         N/A       19%         2
 Passwall                 Tmut/Erth      1%         N/A       19%         2
 Scorch                   Fire           4%         2d5       19%         2
 Iskenderun's Mystic Bla  Conj/Tloc      22%        2d6       21%         4
 Flame Wave               Conj/Fire      17%        2d6       34%         4
 Fulminant Prism          Conj/Hex       8%         3d7       34%         4
 Swiftness                Air            2%         N/A       36%         3
 Vampiric Draining        Necr           2%         2d6       36%         3
 Airstrike                Air            1%         N/A       77%         4
 Agony                    Necr           2%         N/A       98%         5
 Summon Cactus Giant      Summ           1%         N/A       100%        6


Dungeon Overview and Level Annotations

Branches:
Dungeon (4/15)
 Temple: D:4-7

Altars:
The Shining One

Shops:
D:2 =

Annotations:
D:4 Dowan, Duvessa


Innate Abilities, Weirdness & Mutations

You cannot wear most types of armour.
You are amphibious.
You can wear up to eight rings at the same time.
Your skin changes colour to match your surroundings (Stealth+).
Your rubbery body absorbs attacks. (AC +1, EV +1)
((You are camouflaged when in or above water. (Stealth+)))
You have tentacles for arms and can constrict up to eight enemies at once.


Message History

Confirm with . or Enter, or press ? or * to list all spells.
Aiming: Magic Dart (safe; 1% risk of failure)
Press: ? - help, Shift-Dir - straight line, f/p - Dowan
Aim: Dowan, wielding a +0 dagger and wearing a +0 robe (heavily wounded, 100% to hit)
The magic dart hits Duvessa!
Duvessa is moderately wounded.
Duvessa hits you with a +1 short sword of freezing!
Duvessa freezes you.
The magic dart hits Duvessa.
Duvessa is moderately wounded.
Duvessa hits you with a +1 short sword of freezing!
Duvessa freezes you.
Duvessa says, "Where magic fails, the sword succeeds!"
Duvessa closely misses you.
You are too injured to fight recklessly!
Unknown command.
You are too injured to fight recklessly!
Casting: Magic Dart (safe; 1% risk of failure)
Confirm with . or Enter, or press ? or * to list all spells.
Aiming: Magic Dart (safe; 1% risk of failure)
Press: ? - help, Shift-Dir - straight line, f/p - Duvessa
Aim: Duvessa, wielding a +1 short sword of freezing and wearing a +0 ring mail (moderately wounded, fast, 100% to hit)
The magic dart hits Duvessa but does no damage.
Duvessa is moderately wounded.
Duvessa hits you with a +1 short sword of freezing.
Duvessa freezes you.
Unknown command.
Casting: Magic Dart (safe; 1% risk of failure)
Confirm with . or Enter, or press ? or * to list all spells.
Aiming: Magic Dart (safe; 1% risk of failure)
Press: ? - help, Shift-Dir - straight line, f/p - Duvessa
Aim: Duvessa, wielding a +1 short sword of freezing and wearing a +0 ring mail (moderately wounded, fast, 100% to hit)
The magic dart hits Duvessa.
Duvessa is heavily wounded.
Duvessa hits you with a +1 short sword of freezing.
* * * LOW HITPOINT WARNING * * *
Duvessa freezes you.
* * * LOW HITPOINT WARNING * * *
Duvessa hits you with a +1 short sword of freezing.
You die...

... ..≈.§.. ...###+## #
#≈≈.... #.....#.#
##§§##. #.....#.# ## ##
#..[..'.# #######
#.....#.ee... #......
#....e# ..... +......
#....e######. #.....[
######@...#######....##
#....#.....+....#.
#....'.....#....#.
######....##.........#.
#.....#+####...#######.
#.....#.........# #..
#.....#..>......# #..
#.....########### ###
#######


You could see Duvessa (fast) and Dowan.

Vanquished Creatures
  Menkaure (D:4)
  An iguana (D:4)
  7 gnolls
  3 adders
  3 worms
  9 orcs
  2 bats
  5 endoplasms
  4 giant cockroaches
  7 goblins
  7 hobgoblins
  4 jackals
  9 kobolds
  2 quokkas
  5 ball pythons
  A frilled lizard (D:1)
  2 rats (D:2)
72 creatures vanquished.

Notes
Turn   | Place    | Note
-------+----------+-------------------------------------------
     0 | D:1      | valliere the Octopode Conjurer began the quest for the Orb.
     0 | D:1      | Reached XP level 1. HP: 11/11 MP: 3/3
   245 | D:1      | Reached XP level 2. HP: 17/17 MP: 3/5
   870 | D:1      | Reached XP level 3. HP: 21/21 MP: 0/6
  1438 | D:2      | Found a faded altar of an unknown god.
  1659 | D:2      | Found Ycreodilio's Jewellery Shoppe.
  1876 | D:3      | Reached XP level 4. HP: 23/27 MP: 2/7
  2297 | D:3      | Found a glowing golden altar of the Shining One.
  2343 | D:3      | Reached skill level 5 in Conjurations
  2639 | D:3      | Reached XP level 5. HP: 31/31 MP: 6/8
  2910 | D:4      | Reached skill level 1 in Translocations
  2947 | D:4      | Noticed Menkaure
  2965 | D:4      | Killed Menkaure
  2966 | D:4      | Reached skill level 6 in Conjurations
  2966 | D:4      | Reached XP level 6. HP: 26/36 MP: 3/9
  2969 | D:4      | Learned a level 2 spell: Searing Ray
  3646 | D:4      | Noticed Dowan
  3649 | D:4      | Noticed Duvessa
  3661 | D:4      | Slain by Duvessa

Illustrated notes

Levels and vault maps discovered:
D:1:      dpeg_arrival_arbitrary_b, layout_loops_cross
D:2:      layout_rooms, hellmonk_ecumenical_altar_lost_god, serial_shops,
          nicolae_shop_window_shopping, lemuel_old_faithful
D:3:      layout_basic, tso_metal_star, minmay_crystal_water
D:4:      layout_gridville, minmay_temple_entry_fiery,
          chequers_serial_rivers_micro_a, hangedman_abyss_or_decor_lesser_grid,
          grunt_ministairs_10, uniq_duvessa, uniq_menkaure

Skill      XL: |  1  2  3  4  5 |
---------------+----------------+-----
Stealth        | 3 4 |  4.9
Conjurations   | 5 6 |  6.4
Translocations | 2 |  2.5
Dodging        | |  2.0
Spellcasting   | |  2.0

Action                   |  1- 3 |  4- 6 || total
-------------------------+-------+-------++-------
Melee: Unarmed           |     1 |       ||     1
       Tentacles         |     1 |       ||     1
 Cast: Magic Dart        |    88 |   116 ||   204
  Use: Scroll            |     1 |       ||     1
Armor: Skin              |       |     1 ||     1
Dodge: Dodged            |     1 |    11 ||    12

Table legend: (Time is in decaauts)
 A = Elapsed time spent in this place.
 B = Non-inter-level travel time spent in this place.
 C = Inter-level travel time spent in this place.
 D = Time resting spent in this place.
 E = Time spent auto-exploring this place.
 F = Levels seen in this place.
 G = Mean time per level.
                   A        B        C        D        E       F      G
               +--------+--------+--------+--------+--------+-----+--------+
         Total |   3660 |   3596 |     64 |    228 |   2829 |   4 |  915.0 |
       Dungeon |   3660 |   3596 |     64 |    228 |   2829 |   4 |  915.0 |
               +--------+--------+--------+--------+--------+-----+--------+

Top non-repeatable levels by time:
     D:1: 1299 daAuts
     D:2: 844 daAuts
     D:4: 761 daAuts
     D:3: 755 daAuts
